Map: King's Cove LE

Players

Bigeeet

  • Race: Terran Terran
  • Spawn Location: 5:00

llllllllllll - Winner!

  • Race: Zerg Zerg
  • League: Bronze
  • Spawn Location: 11:00

VOD

Have the link to the VOD?

Description

Time

  • Played on: April 24, 2025, 7:51 a.m.
  • Length: 2:46
Show
View Real Time Build Order
Export as new Build Order

Bigeeet Terran 

Build Orders:  

Get SALT Encoding   

  12  0:01  SCV  
  13  0:13  SCV  
  14  0:34  Supply Depot  
  14  0:38  SCV  
  15  0:56  SCV  
  16  1:00  Barracks  
  16  1:06  Refinery  
  16  1:17  SCV  
  17  1:29  SCV  
  18  1:42  Command Center  
  18  1:53  Marine, Bunker  
  19  2:05  Orbital Command  
  19  2:11  Marine  
Show
View Real Time Build Order
Export as new Build Order

llllllllllll Zerg - Winner!

Build Orders: 1 Base Baneling Bust, Pool Only 

Get SALT Encoding   

  12  0:00  Drone  
  13  0:08  Drone  
  14  0:14  Extractor  
  13  0:29  Spawning Pool  
  13  0:33  Drone  
  13  0:38  Drone  
  14  0:49  Overlord  
  14  1:15  Zergling x6, Metabolic Boost  
  17  1:26  Zergling x2  
  18  1:34  Queen  
  18  1:39  Zergling x2  
  21  1:49  Baneling Nest  
  21  1:53  Zergling x2  
  21  2:03  Overlord  
  21  2:16  Zergling x2  
  21  2:24  Zergling x2  
Tags
 
Add a new tag
Caveats
  • Supply blocks, unpowered buildings, or Contaminate may cause inaccurate times.
  • Supply counts are checked every 10 seconds.